AoeStats
← Wank Wizard

Black Forest

504687816Analyzed
2v2 RM · 25d ago on Sep 6, 2026· 150m 40s· 4 players
Game mode
Random Map
Map size
Medium (4 player)
Population
200
Speed
Normal
Resources
Standard
Victory
Conquest
Starting age
Dark Age
Ending age
Imperial Age
RankedLock teamsTeams togetherTeam positionsShared explorationLock speedFull tech treeHidden civsTurbo modeCheats
Victory
Defeat
🇳🇿 Burgundians · New Zealand
677
+19
🇻🇳 Sicilians · Vietnam
617
+21
🇦🇺 Khmer · Australia
779
-22
🇦🇺 Spanish · Australia
687
-18
Barcelomimi
0:50 Loom
14:36 Feudal Age
15:13 Double-Bit Axe
15:10 Horse Collar
15:20 Fishing Lines
18:54 Wheelbarrow
19:56 Stone Mining
19:57 Gold Mining
28:52 Castle Age
31:27 Hand Cart
31:43 Bow Saw
31:35 Heavy Plow
31:43 Crossbowman
33:54 Scale Mail Armor
34:04 Forging
34:45 Gold Shaft Mining
34:45 Stone Shaft Mining
34:15 Caravan
35:35 Chain Mail Armor
37:54 Gillnets
38:10 Pikeman
40:21 Padded Archer Armor
40:12 Fletching
40:57 Iron Casting
40:28 Scale Barding Armor
41:01 Masonry
45:53 Imperial Age
46:45 Capped Ram
47:12 Elite Serjeant
49:06 Chemistry
48:05 Murder Holes
48:00 Heated Shot
49:30 Blast Furnace
48:25 Bodkin Arrow
48:51 Chain Barding Armor
48:46 Leather Archer Armor
49:02 Plate Mail Armor
48:35 Arbalester
48:55 Siege Ram
52:09 Husbandry
51:30 Cavalier
53:32 Halberdier
55:49 Squires
55:54 Onager
59:41 Siege Onager
70:52 Heavy Scorpion
72:58 Elite Skirmisher
77:05 Elite Skirmisher
116:18 Arson
117:19 Arson
132:32 Sanctity
aeucatastrophe
0:27 Loom
20:46 Feudal Age
19:54 Horse Collar
20:19 Stone Mining
20:20 Gold Mining
29:02 Castle Age
29:08 Double-Bit Axe
39:05 Wheelbarrow
38:17 Town Watch
38:37 Heavy Plow
38:54 Bow Saw
45:57 Imperial Age
44:42 Crop Rotation
45:12 Hand Cart
46:55 Town Patrol
50:50 Scale Barding Armor
50:45 Scale Mail Armor
50:46 Padded Archer Armor
50:36 Fletching
50:56 Forging
51:53 Chemistry
51:11 Murder Holes
51:26 Fortified Wall
53:40 Chain Barding Armor
53:35 Leather Archer Armor
54:24 Ballistics
53:55 Guard Tower
54:57 Caravan
55:22 Squires
54:42 Pikeman
55:08 Arson
54:45 Man-at-Arms
56:56 Bombard Tower
56:21 Arrowslits
56:27 Guard Tower
56:17 Treadmill Crane
56:48 Masonry
57:30 Onager
57:33 Capped Ram
60:02 Bodkin Arrow
60:43 Iron Casting
61:19 Long Swordsman
62:47 Bracer
63:23 Iron Casting
63:03 Chain Mail Armor
63:24 Plate Barding Armor
63:11 Halberdier
63:11 Two-Handed Swordsman
65:27 Two-Man Saw
67:26 Husbandry
66:46 Cavalier
66:46 Light Cavalry
68:52 Paladin
78:22 Plate Mail Armor
82:05 Coinage
81:46 Guilds
83:48 Blast Furnace
84:15 Banking
86:53 Elite Skirmisher
86:54 Crossbowman
88:49 Keep
88:24 Masonry
112:28 Architecture
116:11 Siphons
116:17 Clinker Construction
116:18 Careening
116:46 Stone Shaft Mining
116:01 Gold Mining
119:24 Gold Shaft Mining
136:44 Champion
Wank Wizard
0:57 Loom
13:57 Feudal Age
18:53 Double-Bit Axe
21:31 Horse Collar
23:02 Gold Mining
23:04 Stone Mining
25:23 Castle Age
31:01 Fortified Wall
37:51 Imperial Age
35:46 Bow Saw
39:23 Forging
39:21 Scale Barding Armor
39:18 Padded Archer Armor
41:33 Chemistry
47:05 Elite Conquistador
49:00 Bloodlines
48:50 Husbandry
55:03 Fletching
55:49 Iron Casting
55:35 Chain Barding Armor
55:31 Leather Archer Armor
61:05 Caravan
62:55 Blast Furnace
62:30 Plate Barding Armor
62:26 Ring Archer Armor
61:52 Bodkin Arrow
62:26 Ballistics
61:58 Guard Tower
61:54 Arrowslits
62:06 Murder Holes
62:24 Masonry
65:26 Fishing Lines
76:31 Bracer
84:54 Architecture
105:22 Gillnets
116:21 Two-Man Saw
115:52 Light Cavalry
128:52 Heavy Plow
neb
2:16 Loom
15:20 Feudal Age
17:03 Horse Collar
18:53 Double-Bit Axe
27:37 Castle Age
27:47 Stone Mining
27:51 Gold Mining
30:19 Heavy Plow
38:54 Imperial Age
37:44 Forging
37:40 Scale Barding Armor
39:53 Gold Shaft Mining
39:56 Stone Shaft Mining
39:31 Elite Ballista Elephant
41:31 Double Crossbow
42:17 Crop Rotation
42:08 Bow Saw
43:07 Wheelbarrow
44:59 Siege Engineers
46:53 Chain Barding Armor
47:08 Iron Casting
46:56 Ballistics
47:36 Chemistry
46:48 Fortified Wall
46:58 Hand Cart
46:56 Caravan
48:47 Heavy Scorpion
49:30 Murder Holes
50:12 Plate Barding Armor
50:38 Blast Furnace
50:40 Husbandry
50:50 Bloodlines
89:13 Conscription
91:26 Onager
107:17 Light Cavalry
Connection lost

Rejoining the realm…

Still unreachable

The connection could not be restored.

Session expired

The server has moved on; the page needs a fresh start.